 Dungeon Crawl Stone Soup version 0.28.0-43-g3370ac3207 (console) character file.

Game seed: 12317792133391570502

72 Zeor the Stinger (level 4, -4/33 HPs)
             Began as a Vine Stalker Venom Mage on Mar 28, 2022.
             Slain by Grinder (6 damage)
             ... on level 2 of the Dungeon.
             The game lasted 00:09:09 (2712 turns).

Zeor the Stinger (Vine Stalker Venom Mage)          Turns: 2712, Time: 00:09:10

Health: -4/33      AC:  3    Str: 11 (13) XL:     4   Next: 26%
Magic:  0/9        EV: 12    Int: 15 (17) God:
Gold:   81         SH:  0    Dex: 12 (14) Spells: 2/8 levels left

rFire   . . .      SeeInvis .   a - staff of poison
rCold   . . .      Faith    .   (no shield)
rNeg    . . .      Spirit   +   d - +0 robe
rPois   +          Reflect  .   (no helmet)
rElec   +          Harm     .   (no cloak)
rCorr   .          Rampage  .   (no gloves)
Will    .....                   j - +0 pair of boots
Stlth   ..........              (no amulet)
HPRegen 0.91/turn               (no ring)
MPRegen 0.11/turn               (no ring)

@: berserking, attractive, very quick
A: fangs 2, regeneration 1, magic shield, antimagic bite, no potion heal 2,
passive freeze, electricity resistance, strong 1
a: no special abilities


You were on level 2 of the Dungeon.
You visited 1 branch of the dungeon, and saw 3 of its levels.

You collected 81 gold pieces.

Inventory:

Hand Weapons
 b - a +0 short sword
 h - a +0 dagger of electrocution
Missiles
 f - 6 atropa-tipped darts
Armour
 d - a +0 robe (worn)
 j - a +0 pair of boots (worn)
Magical Staves
 a - a staff of poison (weapon)
Scrolls
 l - a scroll of identify {unknown}
Potions
 k - a potion of resistance {unknown}


   Skills:
 * Level 1.0 Fighting
 + Level 1.6 Dodging
 + Level 2.7 Stealth
 + Level 2.8 Spellcasting
 + Level 1.3 Transmutations
 + Level 0.2 Air Magic
 + Level 3.7 Poison Magic
 * Level 0.6 Evocations


You had 2 spell levels left.
You knew the following spells:

 Your Spells              Type           Power      Damage    Failure   Level
a - Sting                 Tmut/Pois      56%        1d5       7%          1
b - Poisonous Vapours     Pois/Air       24%        N/A       14%         2
c - Mephitic Cloud        Conj/Pois/Air  9%         N/A       34%         3

Your spell library contained the following spells:

 Spells                   Type           Power      Damage    Failure   Level
 Olgreb's Toxic Radiance  Pois           20%        N/A       38%         4


Dungeon Overview and Level Annotations

Branches:
Dungeon (3/15)

Altars:

Annotations:
D:2 Grinder


Innate Abilities, Weirdness & Mutations

You have extremely sharp teeth.
Your natural rate of healing is unusually fast.
When hurt, damage is shared between your health and your magic reserves.
Your bite disrupts and absorbs the magic of your enemies.
Potions cannot restore your health.
A frigid envelope surrounds you and freezes all who hurt you.
You are resistant to electric shocks. (rElec)
Your muscles are strong. (Str +2)


Message History

You hit the orc.
You envenom the orc.
You kill the orc!
Your magical contamination has completely faded away.
Grinder says, "What is the universe for?"
A frilled lizard comes into view.
The frilled lizard bites you. The frilled lizard barely misses you.
Grinder blinks!
Grinder hits you!
There is a stone staircase leading up here.
Grinder gestures at you. Pain shoots through your body!
Ouch! That really hurt!
You climb upwards.
There is a stone staircase leading down here.
You are too injured to fight recklessly!
It was a potion of degeneration.
There was something very wrong with that liquid.
You feel weakened.
You feel dopey.
You feel clumsy. Grinder hits you but does no damage.
It was a potion of attraction.
You feel attractive to monsters. Grinder closely misses you.
It was a potion of mutation.
You feel extremely strange.
You feel stronger.
You feel insulated.
Your skin feels very cold.
Grinder says, "There's only one good use for a tongue: cutting it out."
Grinder hits you.
You writhe in agony.
* * * LOW HITPOINT WARNING * * *
Grinder resists.
Grinder is very cold.
Grinder is moderately wounded.
It was a potion of berserk rage.
A red film seems to cover your vision as you go berserk!
You feel yourself moving faster!
You feel mighty! Grinder hits you!
* * * LOW HITPOINT WARNING * * *
Grinder resists.
Grinder is very cold.
Grinder is moderately wounded.
You closely miss Grinder. Your bite misses Grinder.
Grinder is moderately wounded.
Grinder hits you.
You die...

▒∙▒ ▒∙▒▒▒▒▒▒▒▒▒▒▒▒▒▒▒▒▒▒▒▒
▒∙∙∙∙∙∙∙∙∙∙∙∙∙∙∙∙∙∙∙∙∙ ▒▒▒
▒∙▒∙▒▒▒▒▒▒▒▒▒▒▒▒▒▒▒▒▒▒ ∙∙▒ ▒∙▒∙▒
∙∙▒▒▒▒▒▒▒▒ ▒∙▒∙▒▒▒
∙∙'[∙∙∙∙∙▒▒▒∙∙∙∙∙▒
∙∙▒∙∙∙∙∙∙∙▒▒▒▒∙▒5▒
∙∙■∙∙∙∙∙∙∙∙∙∙∙∙∙f▒
∙∙▒∙∙∙∙∙▒∙∙▒▒▒∙▒∙▒
▒▒▒∙∙∙∙∙▒▒∙▒▒▒∙▒∙▒
∙∙∙∙∙∙∙∙▒▒∙∙▒▒∙∙∙▒
∙∙∙∙∙∙∙∙▒▒▒∙▒▒∙▒∙▒
∙∙∙∙∙∙∙∙∙∙∙∙∙∙∙▒∙▒
∙∙∙∙∙∙∙▒▒▒▒∙▒▒▒▒∙▒
∙∙∙∙∙∙∙▒▒▒▒∙∙▒▒▒∙▒▒▒▒▒▒▒▒▒▒▒▒▒▒▒▒
▒▒▒▒'▒∙∙∙)∙∙∙∙∙∙∙∙∙∙∙∙∙∙∙∙∙∙∙∙∙∙∙


You could see Grinder.

Vanquished Creatures
  2 adders (D:2)
  A worm (D:2)
  2 orcs (D:3)
  7 bats
  3 endoplasms
  A giant cockroach (D:2)
  2 goblins (D:1)
  9 hobgoblins
  2 jackals (D:1)
  3 ball pythons (D:1)
  3 frilled lizards
  10 kobolds
  2 rats (D:1)
47 creatures vanquished.

Notes
Turn   | Place    | Note
-------+----------+-------------------------------------------
     0 | D:1      | Zeor the Vine Stalker Venom Mage began the quest for the
                  | Orb.
     0 | D:1      | Reached XP level 1. HP: 9/9 MP: 4/4
    90 | D:1      | Reached XP level 2. HP: 13/13 MP: 0/6
   418 | D:1      | Learned a level 2 spell: Poisonous Vapours
   715 | D:1      | Reached XP level 3. HP: 17/17 MP: 0/7
   782 | D:1      | Learned a level 3 spell: Mephitic Cloud
  1997 | D:2      | Gained mutation: Your natural rate of healing is unusually
                  | fast. [Vine Stalker growth]
  1997 | D:2      | Reached XP level 4. HP: 21/21 MP: 0/9
  2105 | D:2      | Reached skill level 1 in Fighting
  2676 | D:3      | Noticed Grinder
  2710 | D:2      | Gained mutation: Your muscles are strong. (Str +2) [potion
                  | of mutation]
  2710 | D:2      | Gained mutation: You are resistant to electric shocks.
                  | (rElec) [potion of mutation]
  2710 | D:2      | Gained mutation: A frigid envelope surrounds you and
                  | freezes all who hurt you. [potion of mutation]
  2711 | D:2      | HP: 1/33 [Grinder (10)]
  2712 | D:2      | Slain by Grinder

Illustrated notes

Levels and vault maps discovered:
D:1:      lightli_arrival_windingriver, layout_basic, due_unseen_surprise
D:2:      layout_basic, minmay_pentomino_r4
D:3:      layout_basic, kennysheep_another_room, uniq_grinder

Skill      XL: |  1  2  3  4 |
---------------+-------------+-----
Fighting       | 1 |  1.0
Dodging        | |  1.6
Stealth        | |  2.7
Spellcasting   | |  2.8
Transmutations | |  1.3
Air Magic      | |  0.2
Poison Magic   | |  3.7
Evocations     | |  0.6

Action                   |  1- 3 |  4- 6 || total
-------------------------+-------+-------++-------
Melee: Short sword       |     7 |       ||     7
       Bite              |     8 |     1 ||     9
       Staff             |    21 |     7 ||    28
 Cast: Sting             |    46 |     8 ||    54
       Poisonous Vapours |    13 |     3 ||    16
       Mephitic Cloud    |       |     1 ||     1
  Use: Scroll            |     1 |     1 ||     2
       Potion            |       |     4 ||     4
Armor: Robe              |     8 |     5 ||    13
Dodge: Dodged            |    30 |    13 ||    43
